 Dungeon Crawl Stone Soup version 0.28.0-53-g5a82cb258f (webtiles) character file.

Game seed: 2091008806542553148

167 firemarshallily the Sneak (level 5, 0/36 HPs)
             Began as an Octopode Brigand on Aug 21, 2022.
             Slain by a jelly (2 damage)
             ... on level 4 of the Dungeon.
             The game lasted 00:06:37 (2762 turns).

firemarshallily the Sneak (Octopode Brigand)        Turns: 2762, Time: 00:06:38

Health: 0/36       AC: -7    Str: 10    XL:     5   Next: 48%
Magic:  5/5        EV: 12    Int: 14    God:
Gold:   143        SH:  0    Dex: 15    Spells: 4/4 levels left

rFire   . . .      SeeInvis .   a - +2 dagger
rCold   . . .      Faith    .   (no shield)
rNeg    . . .      Spirit   .   (helmet restricted)
rPois   .          Reflect  .   (no amulet)
rElec   .          Harm     .   (no ring)
rCorr   .          Rampage  .   (no ring)
Will    .....                   (no ring)
Stlth   +++++.....              (no ring)
HPRegen 0.12/turn               (no ring)
MPRegen 0.09/turn               (no ring)
                                (no ring)
                                (no ring)

@: corroded
A: almost no armour, amphibious, 8 rings, camouflage 1, gelatinous body 1,
(nimble swimmer 1), tentacles
a: no special abilities


You were on level 4 of the Dungeon.
You visited 1 branch of the dungeon, and saw 4 of its levels.

You collected 143 gold pieces.

Inventory:

Hand Weapons
 a - a +2 dagger (weapon)
Missiles
 b - 12 poisoned darts (quivered)
 c - 2 curare-tipped darts
 m - 3 boomerangs
Jewellery
 h - a ring of wizardry
Wands
 n - a wand of charming (8)
Scrolls
 d - a scroll of amnesia {unknown}
 e - 4 scrolls of identify
 f - a scroll of blinking {unknown}
 g - a scroll of magic mapping
 i - 2 scrolls of teleportation {unknown}
 l - a scroll of immolation {unknown}
Potions
 j - a potion of haste {unknown}
 k - a potion of ambrosia {unknown}


   Skills:
 + Level 2.9 Fighting
 * Level 3.7 Short Blades
 - Level 2.0 Throwing
 - Level 1.0 Dodging
 * Level 7.2 Stealth


You had 4 spell levels left.
You didn't know any spells.
Your spell library contained the following spells:

 Spells                   Type           Power      Damage    Failure   Level
 Summon Small Mammal      Summ           0%         N/A       28%         1
 Call Canine Familiar     Summ           0%         N/A       65%         3
 Ozocubu's Armour         Ice            0%         N/A       65%         3
 Summon Guardian Golem    Hex/Summ       0%         N/A       65%         3
 Metabolic Englaciation   Hex/Ice        0%         N/A       100%        5
 Simulacrum               Ice/Necr       0%         N/A       100%        6


Dungeon Overview and Level Annotations

Branches:
Dungeon (4/15)
 Temple: D:4-7

Altars:
Xom


Innate Abilities, Weirdness & Mutations

You cannot wear most types of armour.
You are amphibious.
You can wear up to eight rings at the same time.
Your skin changes colour to match your surroundings (Stealth+).
Your rubbery body absorbs attacks. (AC +1, EV +1)
((You are camouflaged when in or above water. (Stealth+)))
You have tentacles for arms and can constrict up to eight enemies at once.


Message History

Found an escape hatch in the floor.
Found a short sword.
Found 4 poisoned darts.
Found a scale mail.
There is an escape hatch in the floor here.
b - 12 poisoned darts (gained 4)
There is an escape hatch in the floor here.
You see here a +0 short sword.
Found a long wooden wand.
You hear a distant slurping noise.
n - a wand of charming (8)
You hear the slow hiss of a very distant avalanche of sand.
A jelly comes into view.
You hit the jelly.
Your tentacles burn!
You squeeze the jelly.
The jelly is moderately wounded.
You hit the jelly.
Your tentacles burn!
The jelly is heavily wounded.
The jelly barely misses you.
You hit the jelly.
Your tentacles burn!
You squeeze the jelly.
The jelly is severely wounded.
The jelly barely misses you.
You hit the jelly.
Your tentacles burn!
The jelly is severely wounded.
The jelly barely misses you.
You barely miss the jelly.
The jelly is severely wounded.
The jelly closely misses you.
You hit the jelly. The acid corrodes you!
Your tentacles burn!
The jelly is severely wounded.
The jelly hits you. The acid corrodes you!
You are splashed with acid!
* * * LOW HITPOINT WARNING * * *
You hit the jelly but do no damage.
Your tentacles burn!
* * * LOW HITPOINT WARNING * * *
You squeeze the jelly.
The jelly is almost dead.
You hit the jelly but do no damage.
Your tentacles burn!
* * * LOW HITPOINT WARNING * * *
The jelly is almost dead.
The jelly hits you.
You die...

**,** *,,,,,,* ******,* **,,,**
*****,** *,* *,,,,,** ##**,* **,*
,,,,,,,** *#.##,## **,,* *
,,,,,,,,****,...,.##******,,,****
,,,,,,,,+,,,,,..#..,,,,,,,,,,,,,+
,,,,,,,,****,,,...********,,,****
,,,,,,,** **,*#J#* **,** *
*,,,,,** ***#@# *,* **,,,** #.#
*,* *#+** #.# *,* ##.######## #.#
*,* #......[..**###.# *,*
#..##...,,,,..#.# *,* **
##...#.#**,**#.#.# *,****,
#......# *,* #.#.# *,,,,,*
#...)#.# #.###.#.# ******,


You could see a jelly.

Vanquished Creatures
  An iguana (D:2)
  5 adders
  An adder skeleton (D:2)
  A worm (D:2)
  4 dart slugs
  An orc (D:3)
  9 ball pythons
  8 bats
  4 endoplasms
  3 giant cockroaches
  7 goblins
  7 hobgoblins
  5 jackals
  3 quokkas
  4 frilled lizards
  8 kobolds
  7 rats
78 creatures vanquished.

Vanquished Creatures (others)
  4 plants (D:3)
4 creatures vanquished.

Grand Total: 82 creatures vanquished

Notes
Turn   | Place    | Note
-------+----------+-------------------------------------------
     0 | D:1      | firemarshallily the Octopode Brigand began the quest for
                  | the Orb.
     0 | D:1      | Reached XP level 1. HP: 14/14 MP: 1/1
   180 | D:1      | Reached XP level 2. HP: 19/19 MP: 2/2
   660 | D:1      | Found a faded altar of an unknown god.
   663 | D:1      | Reached XP level 3. HP: 24/24 MP: 3/3
   834 | D:2      | Reached skill level 6 in Stealth
  1192 | D:2      | Reached XP level 4. HP: 30/30 MP: 4/4
  1865 | D:2      | Reached XP level 5. HP: 36/36 MP: 5/5
  2081 | D:3      | Reached skill level 7 in Stealth
  2198 | D:3      | Found a shimmering altar of Xom.
  2199 | D:3      | Found a shimmering altar of Xom.
  2203 | D:3      | Found a shimmering altar of Xom.
  2762 | D:4      | Slain by a jelly

Illustrated notes

Levels and vault maps discovered:
D:1:      dpeg_arrival_long_road, layout_basic,
          hellmonk_ecumenical_altar_leap_of_faith, chequers_decorated_corner
D:2:      minmay_razor_zed, layout_loops_ring, mrwooster_statue_mirror,
          kennysheep_decorative_pillar
D:3:      layout_rooms, xom_redecorated, serial_rivers,
          chequers_serial_rivers_marsh, chequers_serial_rivers_small_b,
          chequers_serial_rivers_room_a, chequers_serial_rivers_small_3,
          nicolae_concentric_dashed_squares_wild, serial_bayou_lake_a
D:4:      layout_loops_corners, chequers_ossuary_entry_cave, uniq_menkaure

Skill      XL: |  1  2  3  4  5 |
---------------+----------------+-----
Stealth        | 6 7 |  7.2
Short Blades   | 3 |  3.7
Fighting       | |  2.9
Throwing       | |  2.0
Dodging        | |  1.0

Action                   |  1- 3 |  4- 6 || total
-------------------------+-------+-------++-------
Melee: Dagger            |    79 |    73 ||   152
       Constrict         |    20 |    16 ||    36
       Tentacles         |    11 |    10 ||    21
       Punch             |     4 |       ||     4
  Use: Potion            |       |     1 ||     1
       Scroll            |       |     2 ||     2
 Stab: Sleeping          |    10 |    18 ||    28
Armor: Skin              |     4 |     3 ||     7
Dodge: Dodged            |    39 |    34 ||    73
